 Dungeon Crawl Stone Soup version 0.21.1-1-g345015f (webtiles) character file.

982 empire the Carver (level 7, -1/59 HPs)
             Began as a Minotaur Fighter on June 12, 2018.
             Killed by divine providence
             ... invoked by an orc priest
              (13 damage)
             ... on level 5 of the Dungeon.
             The game lasted 00:08:22 (3574 turns).

empire the Carver (Minotaur Fighter)                Turns: 3574, Time: 00:08:23

Health: -1/59      AC: 11    Str: 22    XL:     7   Next: 96%
Magic:  6/6        EV: 10    Int:  5    God:
Gold:   306        SH:  9    Dex: 10    Spells: 6/6 levels left

rFire    + . .     SeeInvis .   b - +6 flail of Bile {venom, rF+}
rCold    . . .     Gourm    .   c - +0 shield
rNeg     . . .     Faith    .   d - +3 ring mail
rPois    .         Spirit   .   (helmet restricted)
rElec    .         Reflect  .   o - +0 cloak
rCorr    .         Harm     .   (no gloves)
MR       .....                  q - +0 pair of boots
Stlth    ..........             (no amulet)
HPRegen  0.19/turn              (no ring)
MPRegen  0.10/turn              (no ring)

@: hasted, very quick
A: retaliatory headbutt, horns 2
a: no special abilities


You were on level 5 of the Dungeon.
You were not hungry.

You visited 1 branch of the dungeon, and saw 5 of its levels.
You also visited: Sewer.

You collected 306 gold pieces.

Inventory:

Hand Weapons
 a - a +1 long sword
 b - the +6 flail of Bile (weapon) {venom, rF+}
   (You found it on level 5 of the Dungeon)

   It poisons the flesh of those it strikes.
   It protects you from fire.
 v - a +1 rapier of venom
 w - the cursed +1 dagger of Chance {pierce, rC+ MP+9}
   (You found it on level 4 of the Dungeon)

   It inflicts extra damage upon your enemies.
   It protects you from cold.
   It affects your magic capacity (+9).
   It has a curse placed upon it.
 z - a +1 dagger of speed
Armour
 c - a +0 shield (worn)
 d - a +3 ring mail (worn)
 o - a +0 cloak (worn)
 p - a +1 scale mail of fire resistance
 q - a +0 pair of boots (worn)
Scrolls
 e - 3 scrolls of amnesia
 g - 2 scrolls of immolation
 l - 10 scrolls of remove curse
 r - a scroll of enchant weapon
 s - a scroll of magic mapping
Potions
 h - a potion of agility {unknown}
 i - a potion of berserk rage
 j - a potion of mutation {unknown}
 k - a potion of curing
 n - a potion of might
 t - a potion of cancellation {unknown}
 u - a potion of brilliance {unknown}
 x - a potion of heal wounds {unknown}
Comestibles
 f - 7 rations
 y - 3 chunks of flesh


   Skills:
 - Level 4.0 Fighting
 * Level 9.4 Long Blades
 * Level 1.2 Maces & Flails
 + Level 4.2 Armour
 - Level 4.1 Dodging
 - Level 4.0 Shields


You had 6 spell levels left.
You didn't know any spells.

Dungeon Overview and Level Annotations

Branches:
Dungeon (5/15)
 Temple: D:4-7

Altars:
Ashenzari
Dithmenos
Fedhas
Okawaru

Shops:
D:4 %


Innate Abilities, Weirdness & Mutations

You reflexively headbutt those who attack you in melee.
You have a pair of horns on your head.


Message History

a flail; a ring mail An orc priest comes into view.
It is wielding a morningstar.
The orc priest shouts!
You hear a shout!
The orc priest invokes the aid of Beogh against you.
Beogh smites you!
An orc comes into view. It is wielding a flail.
The orc shouts!
An orc priest comes into view. It is wielding a mace.
The orc priest calls down the wrath of Beogh upon you.
Beogh smites you!
An orc priest comes into view. It is wielding a dagger.
The orc priest shouts!
The orc priest mumbles some strange prayers to Beogh against you.
Beogh smites you!
* * * LOW HITPOINT WARNING * * *
You feel yourself speed up.
The orc priest casts a cantrip, but nothing happens.
The orc priest mumbles some strange prayers to Beogh against you.
Beogh smites you!
You die...

#. Z...... #.####.......
............ #..o.#......
#..........[ #.o........#
#o.........# ##### #@o..# #.#
#...# #....### #.# #...#
#......## #.# #...#
###....#..##### ##.#
#...####.............####.
##.#
#........'########'.......
##.#
##.......#..^.....#...###.
##.# #.).....#.'####'.#...#
##.#####)))....#.#....#.#...#
#.


You could see 3 orc priests, an orc and a bullfrog zombie (wandering).

Vanquished Creatures
  Sigmund (D:3)
  A phantom (D:4)
  A crocodile (Sewer)
  A centaur (D:5)
  A howler monkey (D:5)
  4 hounds
  An orc priest (D:4)
  Crazy Yiuf (D:3)
  An iguana (D:4)
  2 orc wizards
  3 worker ants (D:4)
  4 gnolls (D:3)
  4 adders
  A howler monkey skeleton (D:4)
  A shadow imp (D:5)
  An ooze (D:1)
  A worm (D:2)
  2 dart slugs
  3 leopard geckos
  10 orcs
  A ball python (D:4)
  9 giant cockroaches
  9 goblins
  6 hobgoblins
  18 jackals
  A quokka (D:3)
  10 bats
  8 frilled lizards
  8 kobolds
  A leopard gecko skeleton (D:4)
  5 rats
120 creatures vanquished.

Notes
Turn   | Place    | Note
-------+----------+-------------------------------------------
     0 | D:1      | empire the Minotaur Fighter began the quest for the Orb.
     0 | D:1      | Reached XP level 1. HP: 19/19 MP: 0/0
   125 | D:1      | Reached XP level 2. HP: 26/27 MP: 1/1
   399 | D:1      | Reached skill level 3 in Long Blades
   574 | D:2      | Found a blossoming altar of Fedhas.
   605 | D:2      | Reached XP level 3. HP: 21/33 MP: 2/2
   800 | D:2      | Reached skill level 4 in Long Blades
  1186 | D:2      | Reached XP level 4. HP: 37/40 MP: 3/3
  1206 | D:2      | Reached skill level 1 in Dodging
  1507 | D:3      | Noticed Sigmund
  1518 | D:3      | Killed Sigmund
  1518 | D:3      | Reached skill level 5 in Long Blades
  1518 | D:3      | Reached XP level 5. HP: 33/46 MP: 4/4
  1647 | D:3      | Reached XP level 6. HP: 52/52 MP: 5/5
  1789 | D:3      | Found a shattered altar of Ashenzari.
  1790 | D:3      | Found an iron altar of Okawaru.
  1792 | D:3      | Found a shadowy altar of Dithmenos.
  1879 | D:3      | Found a runed door.
  1883 | D:3      | Noticed Crazy Yiuf
  1887 | D:3      | Killed Crazy Yiuf
  1887 | D:3      | Reached skill level 6 in Long Blades
  2314 | D:4      | Found a glowing drain.
  2349 | Sewer    | Entered a sewer
  2399 | Sewer    | Reached skill level 7 in Long Blades
  2578 | D:4      | Reached XP level 7. HP: 59/59 MP: 6/6
  2663 | D:4      | Found Ohehi's Food Shop.
  2841 | D:4      | Reached skill level 8 in Long Blades
  3017 | D:4      | Got a fine dagger
  3026 | D:4      | Identified the cursed +1 dagger of Chance {pierce, rC+ MP+9} (You found it on level 4 of the Dungeon)
  3297 | D:5      | Entered Level 5 of the Dungeon
  3363 | D:5      | Reached skill level 9 in Long Blades
  3474 | D:5      | Got a pitted flail
  3478 | D:5      | Identified the +6 flail of Bile {venom, rF+} (You found it on level 5 of the Dungeon)
  3535 | D:5      | Reached skill level 1 in Maces & Flails
  3574 | D:5      | Killed from afar by an orc priest

Skill      XL: |  1  2  3  4  5  6  7 |
---------------+----------------------+-----
Shields        | 4 |  4.0
Fighting       | 4 |  4.0
Long Blades    | 3 4 5 7 9 |  9.4
Armour         | 4 |  4.2
Dodging        | 3 4 |  4.1
Maces & Flails | 1 |  1.2

Action                   |  1- 3 |  4- 6 |  7- 9 || total
-------------------------+-------+-------+-------++-------
Melee: Long sword        |    92 |   112 |    61 ||   265
       Headbutt          |    15 |    13 |    10 ||    38
       Flail             |       |       |    14 ||    14
  Use: Potion            |       |     1 |     1 ||     2
       Scroll            |       |     4 |    12 ||    16
  Eat: Chunk             |       |     6 |     3 ||     9
Armor: Scale mail        |    44 |    21 |       ||    65
       Ring mail         |       |    49 |    31 ||    80
Dodge: Dodged            |    24 |    61 |    46 ||   131
Block: Shield            |    43 |    96 |    32 ||   171
       Rpst.: Long sword |     6 |    13 |    14 ||    33
